[Event "98th Caplin Hastings Masters 2024-25"]
[Site "Hastings"]
[Date "2024.12.30"]
[Round "4.7"]
[White "Lucas, Arthur"]
[Black "Zhang, Pengxiang"]
[Result "0-1"]
[ECO "C01"]
[WhiteElo "2335"]
[BlackElo "2567"]
[Annotator "ChessBase"]
[PlyCount "118"]
[EventDate "2024.12.23"]
[EventType "swiss"]
[EventCountry "ENG"]
[SourceTitle "playchess.com"]
[Source "ChessBase"]
[SourceQuality "1"]
[TimeControl "5400+30"]

1. e4 e6 2. d4 d5 3. exd5 exd5 4. Nf3 Nc6 5. Bb5 Bd6 6. c4 dxc4 7. d5 a6 8. Ba4 b5 9. dxc6 bxa4 10. O-O Ne7 11. Nbd2 Be6 12. Qxa4 c3 13. Ne4 Bd5 14. bxc3 Bxc6 15. Nxd6+ Qxd6 16. Qg4 h5 17. Qg3 Qxg3 18. fxg3 Bxf3 19. Rxf3 f6 20. Ba3 Nc6 21. Rd1 Ne5 22. Rf4 Kf7 23. Rfd4 Rhb8 24. h3 Rb6 25. Rd5 Rb5 26. Bb4 Ke6 27. Rd8 Rbb8 28. R8d5 Rb5 29. Rd8 Rxd8 30. Rxd8 a5 31. a4 Rb7 32. Bxa5 Ra7 33. Bb4 Rxa4 34. Rd2 Ra6 35. Bc5 Rc6 36. Bd4 Rc4 37. Kf2 c5 38. Bxe5 fxe5 39. Rc2 Ra4 40. Ke3 Ra1 41. c4 Re1+ 42. Kf2 Re4 43. Kf3 Kf5 44. Rc3 g5 45. Kf2 g4 46. Rc2 Ke6 47. Rc1 Kf6 48. Rc2 Kf5 49. Rc1 Rd4 50. Ke3 e4 51. Rf1+ Ke5 52. hxg4 Rd3+ 53. Ke2 hxg4 54. Rf8 Kd4 55. Rf4 Rxg3 56. Kf2 Rc3 57. Rxg4 Rc2+ 58. Ke1 Kd3 59. Kd1 e3 0-1

[Event "98th Caplin Hastings Masters 2024-25"]
[Site "Hastings"]
[Date "2024.12.30"]
[Round "4.8"]
[White "Stefansson, Vignir Vatnar"]
[Black "Lux, Hugo de Melo"]
[Result "1-0"]
[ECO "E06"]
[WhiteElo "2537"]
[BlackElo "2327"]
[Annotator "RC"]
[PlyCount "89"]
[EventDate "2024.12.23"]
[EventType "swiss"]
[EventCountry "ENG"]
[SourceTitle "playchess.com"]
[Source "ChessBase"]
[SourceQuality "1"]
[TimeControl "5400+30"]

1. Nf3 Nf6 2. c4 e6 3. g3 d5 4. d4 Be7 5. Bg2 Ne4 6. Nc3 f5 7. O-O c6 8. Nxe4 fxe4 9. Ne5 Nd7 10. Nxd7 Bxd7 11. f3 O-O 12. b3 exf3 13. Bxf3 Be8 14. Bf4 Bf6 15. c5 Bg6 16. Qd2 b6 17. Rfc1 Rc8 18. b4 h6 19. a4 bxc5 20. bxc5 Re8 21. Qb2 Qa5 22. e3 Bd8 23. Qb7 Bc7 24. Ra2 Bd3 25. Bg4 Kh8 26. Bd6 Qa6 27. Rb2 Rb8 28. Qxa6 Bxa6 29. Rxb8 Bxb8 30. Bxb8 Rxb8 31. Bxe6 Rb4 32. Bd7 Bb7 33. Rf1 a5 34. Rf8+ Kh7 35. Bf5+ g6 36. Rf7+ Kg8 37. Bxg6 Bc8 38. Rc7 Bh3 39. Be8 Rxa4 40. Bxc6 Ra1+ 41. Kf2 Ra2+ 42. Kf3 Bg2+ 43. Kf4 a4 44. Ra7 a3 45. Ke5 1-0

[Event "98th Caplin Hastings Masters 2024-25"]
[Site "Hastings"]
[Date "2024.12.30"]
[Round "4.9"]
[White "Kaasen, Tor Fredrik"]
[Black "Nielsen, Andre"]
[Result "1-0"]
[ECO "E44"]
[WhiteElo "2473"]
[BlackElo "2276"]
[Annotator "ChessBase"]
[PlyCount "95"]
[EventDate "2024.12.23"]
[EventType "swiss"]
[EventCountry "ENG"]
[SourceTitle "playchess.com"]
[Source "ChessBase"]
[SourceQuality "1"]
[TimeControl "5400+30"]

1. d4 Nf6 2. c4 e6 3. Nc3 Bb4 4. e3 b6 5. Nge2 Ne4 6. Bd2 Nxd2 7. Qxd2 Bb7 8. a3 Be7 9. Nf4 d6 10. Bd3 Nd7 11. Be4 Qc8 12. g4 Nf6 13. Bxb7 Qxb7 14. O-O-O g5 15. Nh3 Nxg4 16. e4 h6 17. f4 O-O-O 18. Qe2 Nf6 19. fxg5 Nd7 20. Rhf1 Rdf8 21. g6 fxg6 22. Qg4 Re8 23. Qxg6 Qa6 24. Kc2 Bd8 25. Nb5 Qb7 26. Qg2 Rhg8 27. Qe2 e5 28. d5 Kb8 29. Rf5 Qc8 30. Qf3 a6 31. Nc3 Ref8 32. Rg1 Bg5 33. Rf1 Rxf5 34. exf5 Nf6 35. Ne4 Nxe4 36. Qxe4 Bf6 37. Nf2 Qe8 38. Ng4 Qf8 39. Rg1 Qg7 40. Rg3 Bh4 41. f6 Qg6 42. Qxg6 Rxg6 43. f7 Be7 44. Nxe5 Rxg3 45. Nc6+ Kb7 46. hxg3 Bf8 47. Nd8+ Kc8 48. Ne6 1-0

[Event "98th Caplin Hastings Masters 2024-25"]
[Site "Hastings"]
[Date "2024.12.30"]
[Round "4.10"]
[White "Bozinakis, Pavlos"]
[Black "Golding, Alex"]
[Result "1-0"]
[ECO "E01"]
[WhiteElo "2271"]
[BlackElo "2405"]
[Annotator "ChessBase"]
[PlyCount "141"]
[EventDate "2024.12.23"]
[EventType "swiss"]
[EventCountry "ENG"]
[SourceTitle "playchess.com"]
[Source "ChessBase"]
[SourceQuality "1"]
[TimeControl "5400+30"]

1. c4 Nf6 2. g3 e6 3. Bg2 d5 4. Nf3 Nbd7 5. b3 Bd6 6. O-O O-O 7. d4 c6 8. Nc3 Rb8 9. Qc2 b5 10. e4 dxe4 11. Nxe4 Nxe4 12. Qxe4 Nf6 13. Qc2 bxc4 14. bxc4 c5 15. Rd1 Qe7 16. dxc5 Bxc5 17. Nd4 Bb7 18. Nb3 Bxg2 19. Kxg2 Rfc8 20. Qe2 Qb7+ 21. f3 Qa6 22. Bf4 Ra8 23. Rd2 Bb4 24. Rc2 h6 25. Rd1 Rd8 26. Be5 Be7 27. Bxf6 Bxf6 28. Rxd8+ Rxd8 29. Qf2 Rc8 30. c5 Rc6 31. Qe3 Be7 32. Qd4 Qc8 33. Qc4 Qc7 34. Qb5 h5 35. Qc4 Qc8 36. Qd4 h4 37. gxh4 e5 38. Qe4 Rg6+ 39. Kf2 Qh3 40. Ke2 Rg2+ 41. Kd3 Rxc2 42. Kxc2 Qxh2+ 43. Kc3 Qxa2 44. Qa8+ Kh7 45. Qb7 Bf6 46. Kb4 a5+ 47. Nxa5 Qd2+ 48. Ka4 Qc2+ 49. Nb3 Bxh4 50. Qxf7 Qa2+ 51. Kb5 Kh6 52. c6 Bd8 53. Kb4 Qf2 54. Qe6+ g6 55. Qxe5 Qxf3 56. Qh8+ Kg5 57. Qxd8+ Kh6 58. Qd2+ Kh7 59. Qc3 Qf8+ 60. Qc5 Qb8+ 61. Kc4 Qf4+ 62. Nd4 Qc1+ 63. Kb5 Qb1+ 64. Ka6 Qa1+ 65. Kb7 Qb1+ 66. Qb6 Qe4 67. Ka7 g5 68. c7 Qe7 69. Kb8 Qe5 70. Nb5 g4 71. Nd6 1-0

[Event "98th Caplin Hastings Masters 2024-25"]
[Site "Hastings"]
[Date "2024.12.30"]
[Round "4.11"]
[White "Golding, James"]
[Black "Grutter, Tim"]
[Result "0-1"]
[ECO "A65"]
[WhiteElo "2203"]
[BlackElo "2379"]
[Annotator "RC"]
[PlyCount "102"]
[EventDate "2024.12.23"]
[EventType "swiss"]
[EventCountry "ENG"]
[SourceTitle "playchess.com"]
[Source "ChessBase"]
[SourceQuality "1"]
[TimeControl "5400+30"]

1. d4 Nf6 2. c4 g6 3. Nc3 Bg7 4. e4 d6 5. f3 O-O 6. Be3 c5 7. d5 e6 8. Qd2 exd5 9. cxd5 a6 10. a4 Re8 11. Be2 Qc7 12. Bh6 Bxh6 13. Qxh6 Nbd7 14. Nh3 c4 15. Nf2 Nc5 16. O-O Nb3 17. Rad1 Rb8 18. e5 Rxe5 19. Nce4 Ne8 20. f4 Re7 21. Ng5 f6 22. Ne6 Bxe6 23. dxe6 f5 24. g4 Ng7 25. Bf3 b5 26. Kh1 bxa4 27. gxf5 Nxf5 28. Qg5 Rf8 29. Ng4 Kg7 30. Rg1 Rxe6 31. Bd5 Re2 32. Rge1 Nbd4 33. Rxe2 Nxe2 34. Bf3 h6 35. Nxh6 Nxh6 36. Bxe2 Nf5 37. Bf3 c3 38. Rg1 Rf6 39. bxc3 Qxc3 40. Be4 a3 41. Bxf5 Qf3+ 42. Qg2 Qxg2+ 43. Kxg2 Rxf5 44. Ra1 Ra5 45. Ra2 Kf6 46. Kf3 Kf5 47. Rg2 Ra4 48. Rg5+ Kf6 49. Rg1 a2 50. Ra1 Kf5 51. Kg3 Ra3+ 0-1

[Event "98th Caplin Hastings Masters 2024-25"]
[Site "Hastings"]
[Date "2024.12.30"]
[Round "4.12"]
[White "Balaji, Aaravamudhan"]
[Black "Wall, Tim P"]
[Result "1-0"]
[ECO "A58"]
[WhiteElo "2364"]
[BlackElo "2173"]
[Annotator "RC"]
[PlyCount "55"]
[EventDate "2024.12.23"]
[EventType "swiss"]
[EventCountry "ENG"]
[SourceTitle "playchess.com"]
[Source "ChessBase"]
[SourceQuality "1"]
[TimeControl "5400+30"]

1. d4 Nf6 2. c4 c5 3. d5 b5 4. cxb5 a6 5. bxa6 e6 6. dxe6 fxe6 7. g3 d5 8. Bg2 Nc6 9. Nh3 Be7 10. O-O O-O 11. Nc3 Bxa6 12. Re1 Qb6 13. Nf4 Ne5 14. b3 Rad8 15. Na4 Qc6 16. Bb2 Neg4 17. h3 Nh6 18. Qc2 Ne4 19. Nc3 Nxf2 20. e3 Rxf4 21. exf4 Nd3 22. Red1 Nxb2 23. Qxb2 Bf6 24. Rac1 Nf5 25. Kh2 Nd4 26. Qf2 Qd6 27. Na4 Rc8 28. b4 1-0

[Event "98th Caplin Hastings Masters 2024-25"]
[Site "Hastings"]
[Date "2024.12.30"]
[Round "4.13"]
[White "Rida, Ruqayyah"]
[Black "Waldhausen Gordon, Frederick"]
[Result "0-1"]
[ECO "C55"]
[WhiteElo "2019"]
[BlackElo "2355"]
[Annotator "RC"]
[PlyCount "92"]
[EventDate "2024.12.23"]
[EventType "swiss"]
[EventCountry "ENG"]
[SourceTitle "playchess.com"]
[Source "ChessBase"]
[SourceQuality "1"]
[TimeControl "5400+30"]

1. e4 e5 2. Nf3 Nc6 3. Bc4 Nf6 4. d3 h6 5. c3 d6 6. Bb3 g6 7. Nbd2 Bg7 8. a4 O-O 9. O-O Nh5 10. Nc4 Be6 11. Re1 Kh7 12. Bc2 d5 13. exd5 Qxd5 14. Ncd2 Rae8 15. Nf1 f5 16. Nh4 Nf6 17. Ng3 Ne7 18. Bd2 Kh8 19. c4 Qd6 20. Bc3 Nd7 21. Qd2 c5 22. Re2 g5 23. Nf3 Ng6 24. Nh5 g4 25. Nxe5 Ndxe5 26. Nxg7 Kxg7 27. Rae1 Bd7 28. d4 cxd4 29. c5 Qd5 30. Qxd4 Qxd4 31. Bxd4 Kf6 32. f4 gxf3 33. gxf3 Rg8 34. Kf1 Bc6 35. f4 Nxf4 36. Bxe5+ Rxe5 37. Rxe5 Bg2+ 38. Kf2 Nh3+ 39. Ke3 Kxe5 40. Bb3 Rd8 41. Bc4 f4+ 42. Ke2 Ke4 43. Rc1 f3+ 44. Ke1 f2+ 45. Ke2 f1=Q+ 46. Rxf1 Bxf1+ 0-1

[Event "98th Caplin Hastings Masters 2024-25"]
[Site "Hastings"]
[Date "2024.12.30"]
[Round "4.14"]
[White "Boswell, Jacob Connor"]
[Black "Adams, Henry"]
[Result "1/2-1/2"]
[ECO "C54"]
[WhiteElo "2277"]
[BlackElo "1991"]
[Annotator "RC"]
[PlyCount "67"]
[EventDate "2024.12.23"]
[EventType "swiss"]
[EventCountry "ENG"]
[SourceTitle "playchess.com"]
[Source "ChessBase"]
[SourceQuality "1"]
[TimeControl "5400+30"]

1. e4 e5 2. Nf3 Nc6 3. Bc4 Bc5 4. c3 Nf6 5. d4 exd4 6. e5 d5 7. Bb5 Ne4 8. cxd4 Bb6 9. Nc3 O-O 10. Be3 Ne7 11. Bd3 Nxc3 12. bxc3 Bf5 13. O-O Qd7 14. Be2 Rac8 15. Nh4 Be6 16. Bd3 c5 17. Qb1 g6 18. Rc1 cxd4 19. cxd4 Rxc1+ 20. Qxc1 Qa4 21. Bc2 Qc4 22. Qb2 Rc8 23. Rc1 Qc3 24. Qb1 Qa3 25. h3 Rc3 26. Kh2 Nc6 27. Nf3 Qb4 28. Qxb4 Nxb4 29. Bb3 Rxc1 30. Bxc1 Nc6 31. Bb2 Ba5 32. Kg3 b5 33. Kf4 Bb4 34. Ke3 1/2-1/2

[Event "98th Caplin Hastings Masters 2024-25"]
[Site "Hastings"]
[Date "2024.12.30"]
[Round "4.15"]
[White "Struck, Lasse"]
[Black "Badacsonyi, Stanley"]
[Result "1-0"]
[ECO "E60"]
[WhiteElo "1983"]
[BlackElo "2266"]
[Annotator "RC"]
[PlyCount "69"]
[EventDate "2024.12.23"]
[EventType "swiss"]
[EventCountry "ENG"]
[SourceTitle "playchess.com"]
[Source "ChessBase"]
[SourceQuality "1"]
[TimeControl "5400+30"]

1. c4 Nf6 2. g3 g6 3. Bg2 Bg7 4. Nf3 O-O 5. O-O d6 6. d4 c5 7. dxc5 dxc5 8. Ne5 Qd4 9. Qxd4 cxd4 10. e3 dxe3 11. Bxe3 Ne8 12. Bd4 Nd6 13. Na3 f6 14. Nd3 Rd8 15. Bc3 Nc6 16. Nc5 e5 17. Rfd1 Bf8 18. b4 a5 19. b5 Nd4 20. Bb2 Nxc4 21. Bxd4 Nxa3 22. Be3 Rxd1+ 23. Rxd1 Nxb5 24. Rd8 Nc7 25. Bh6 Bf5 26. Rxa8 Nxa8 27. Bd5+ Kh8 28. Bxf8 Nc7 29. Bxb7 Nb5 30. Be4 Bc8 31. Bd5 Nc3 32. Bc4 Bf5 33. Be7 Kg7 34. Bd8 Bb1 35. a3 1-0

[Event "98th Caplin Hastings Masters 2024-25"]
[Site "Hastings"]
[Date "2024.12.30"]
[Round "4.16"]
[White "Badacsonyi, Frankie"]
[Black "Zhang, Kendrick Botong"]
[Result "1/2-1/2"]
[ECO "D97"]
[WhiteElo "2218"]
[BlackElo "1979"]
[Annotator "RC"]
[PlyCount "96"]
[EventDate "2024.12.23"]
[EventType "swiss"]
[EventCountry "ENG"]
[SourceTitle "playchess.com"]
[Source "ChessBase"]
[SourceQuality "1"]
[TimeControl "5400+30"]

1. d4 Nf6 2. c4 g6 3. Nc3 d5 4. Nf3 Bg7 5. Qb3 dxc4 6. Qxc4 O-O 7. e4 a6 8. Be2 b5 9. Qb3 Bb7 10. e5 Ne4 11. O-O Nxc3 12. Qxc3 Nd7 13. e6 fxe6 14. Ng5 Rf6 15. Qh3 Nf8 16. Be3 Bd5 17. Qh4 h6 18. Ne4 Rf7 19. Nc5 g5 20. Qg4 Ng6 21. Nxe6 Qd6 22. Nxg7 Kxg7 23. Rfc1 Nf4 24. Bf1 Be6 25. Qd1 Nd5 26. Qc2 Raf8 27. Qc6 Nxe3 28. Qxd6 cxd6 29. fxe3 Bd5 30. Re1 Rf2 31. Re2 Rxf1+ 32. Rxf1 Rxf1+ 33. Kxf1 Bc4 34. Ke1 Bxe2 35. Kxe2 d5 36. a4 bxa4 37. g4 Kf6 38. Kd3 Ke6 39. Kc3 a5 40. b4 Kd6 41. bxa5 Kc6 42. Kb4 a3 43. Kxa3 Kb5 44. a6 Kxa6 45. Ka4 Kb6 46. Kb4 e6 47. h3 Kc6 48. Ka5 Kc7 1/2-1/2

[Event "98th Caplin Hastings Masters 2024-25"]
[Site "Hastings"]
[Date "2024.12.30"]
[Round "4.17"]
[White "Samarasinghe Jude, Ranga"]
[Black "Brewer, Callum D"]
[Result "1/2-1/2"]
[ECO "B14"]
[WhiteElo "1944"]
[BlackElo "2151"]
[Annotator "RC"]
[PlyCount "56"]
[EventDate "2024.12.23"]
[EventType "swiss"]
[EventCountry "ENG"]
[SourceTitle "playchess.com"]
[Source "ChessBase"]
[SourceQuality "1"]
[TimeControl "5400+30"]

1. e4 c6 2. d4 d5 3. exd5 cxd5 4. c4 Nf6 5. Nc3 e6 6. Bf4 Bb4 7. Bxb8 Bxc3+ 8. bxc3 Rxb8 9. Qa4+ Bd7 10. Qxa7 dxc4 11. Qa3 Qe7 12. Qxe7+ Kxe7 13. Nf3 b5 14. Ne5 Ra8 15. a4 Ra5 16. Be2 Rha8 17. Bd1 Nd5 18. Rc1 f6 19. Nxd7 Kxd7 20. axb5 Ra1 21. Rxa1 Rxa1 22. Kd2 Ra3 23. Re1 Nxc3 24. Re3 Nb1+ 25. Kc2 Rxe3 26. fxe3 Na3+ 27. Kc3 Nxb5+ 28. Kxc4 Nd6+ 1/2-1/2

[Event "98th Caplin Hastings Masters 2024-25"]
[Site "Hastings"]
[Date "2024.12.30"]
[Round "4.18"]
[White "Alcindor, Samuel"]
[Black "Saunders, Aron"]
[Result "0-1"]
[ECO "B10"]
[WhiteElo "1927"]
[BlackElo "2106"]
[Annotator "RC"]
[PlyCount "78"]
[EventDate "2024.12.23"]
[EventType "swiss"]
[EventCountry "ENG"]
[SourceTitle "playchess.com"]
[Source "ChessBase"]
[SourceQuality "1"]
[TimeControl "5400+30"]

1. e4 c6 2. c4 d5 3. cxd5 cxd5 4. exd5 Nf6 5. Bb5+ Nbd7 6. Nc3 a6 7. Ba4 b5 8. Bb3 Bb7 9. d4 Nb6 10. Nf3 Nbxd5 11. O-O e6 12. Bg5 Be7 13. Ne5 O-O 14. Qd3 h6 15. Nxd5 Nxd5 16. Bc2 f5 17. Bxh6 gxh6 18. Qg3+ Kh8 19. Qg6 Rf6 20. Nf7+ Rxf7 21. Qxf7 Qg8 22. Qxg8+ Rxg8 23. g3 Bf6 24. Rfe1 Bc8 25. Rad1 Kg7 26. f4 Kf7 27. Kf2 Rd8 28. Re2 Nb4 29. a3 Nc6 30. Bb1 Rxd4 31. Rde1 Rd6 32. Rc1 Bb7 33. Ba2 Bd4+ 34. Kf1 Bb6 35. Rce1 Nd4 36. Re5 Be4 37. g4 Nf3 38. gxf5 Nxh2+ 39. Ke2 Bf3# 0-1

[Event "98th Caplin Hastings Masters 2024-25"]
[Site "Hastings"]
[Date "2024.12.30"]
[Round "4.19"]
[White "Steiners, Emils"]
[Black "Ahn, Sungmin"]
[Result "1-0"]
[ECO "E49"]
[WhiteElo "2209"]
[BlackElo "1926"]
[Annotator "RC"]
[PlyCount "65"]
[EventDate "2024.12.23"]
[EventType "swiss"]
[EventCountry "ENG"]
[SourceTitle "playchess.com"]
[Source "ChessBase"]
[SourceQuality "1"]
[TimeControl "5400+30"]

1. d4 Nf6 2. c4 e6 3. Nc3 Bb4 4. e3 O-O 5. Bd3 d5 6. a3 Bxc3+ 7. bxc3 dxc4 8. Bxc4 c5 9. Ne2 Qc7 10. Bd3 e5 11. e4 cxd4 12. cxd4 exd4 13. O-O Re8 14. Ng3 Bg4 15. f3 Be6 16. Bd2 Nc6 17. f4 b5 18. e5 Nd7 19. Rc1 Bc4 20. Bxc4 bxc4 21. Rxc4 Nb6 22. Ba5 Qd7 23. Bxb6 axb6 24. Qd3 Qd5 25. Ne4 Rxa3 26. Qxa3 Qxc4 27. Nd6 Qe6 28. Qa4 Rd8 29. Qxc6 f6 30. Qxb6 Ra8 31. Qxd4 Ra6 32. Rc1 h6 33. Rc8+ 1-0

[Event "98th Caplin Hastings Masters 2024-25"]
[Site "Hastings"]
[Date "2024.12.30"]
[Round "4.20"]
[White "Bilandzic, Ante"]
[Black "Cheng, Louis"]
[Result "1-0"]
[ECO "A48"]
[WhiteElo "1912"]
[BlackElo "2087"]
[Annotator "RC"]
[PlyCount "101"]
[EventDate "2024.12.23"]
[EventType "swiss"]
[EventCountry "ENG"]
[SourceTitle "playchess.com"]
[Source "ChessBase"]
[SourceQuality "1"]
[TimeControl "5400+30"]

1. d4 Nf6 2. Nf3 g6 3. Bf4 Bg7 4. e3 d6 5. Nbd2 c5 6. c3 Nc6 7. Be2 O-O 8. O-O Bf5 9. h3 cxd4 10. exd4 Qc7 11. Re1 Rad8 12. Bf1 Nd5 13. Bh2 e5 14. Nb3 Rfe8 15. Qd2 a5 16. Bb5 e4 17. Nh4 Bd7 18. Nc5 Qb6 19. Bxc6 e3 20. fxe3 Bxc6 21. Nd3 Re4 22. Bf4 Rde8 23. Nf2 R4e6 24. Nf3 Nxf4 25. exf4 Bxf3 26. Rxe6 Rxe6 27. gxf3 Qb5 28. Nd3 Qh5 29. Kg2 h6 30. Re1 Rf6 31. Qf2 Qf5 32. Re4 Kh7 33. Qe2 b6 34. Qe3 b5 35. a3 Qd5 36. Kg3 Rf5 37. Re7 Rh5 38. Qe4 Qb3 39. Rd7 a4 40. Qe8 Qd1 41. Ne1 Rf5 42. Rd8 g5 43. Qe4 Kg6 44. Rxd6+ Bf6 45. fxg5 hxg5 46. Kg4 Kg7 47. Kxf5 Qd2 48. Rxf6 Qh2 49. Qg4 Kf8 50. Rh6 Qe2 51. Qxg5 1-0

[Event "98th Caplin Hastings Masters 2024-25"]
[Site "Hastings"]
[Date "2024.12.30"]
[Round "4.21"]
[White "Bin-Suhayl, Ieysaa"]
[Black "Kennedy, Craig"]
[Result "1-0"]
[ECO "A55"]
[WhiteElo "2183"]
[BlackElo "1851"]
[Annotator "RC"]
[PlyCount "49"]
[EventDate "2024.12.23"]
[EventType "swiss"]
[EventCountry "ENG"]
[SourceTitle "playchess.com"]
[Source "ChessBase"]
[SourceQuality "1"]
[TimeControl "5400+30"]

1. Nf3 Nf6 2. g3 d6 3. d4 Nbd7 4. c4 e5 5. Nc3 Be7 6. Bg2 O-O 7. O-O c6 8. e4 Re8 9. Qc2 Bf8 10. h3 Qc7 11. Be3 a6 12. a4 a5 13. b3 Nb8 14. c5 Nbd7 15. cxd6 Bxd6 16. dxe5 Nxe5 17. Nd4 Ng6 18. f4 Bb4 19. e5 Nd7 20. Nd5 Qd8 21. Nxb4 axb4 22. Rad1 Qa5 23. Kh2 Nb6 24. Nxc6 bxc6 25. Qxc6 1-0

[Event "98th Caplin Hastings Masters 2024-25"]
[Site "Hastings"]
[Date "2024.12.30"]
[Round "4.22"]
[White "Abrahams, Daniel"]
[Black "Rubeck, Jonathan"]
[Result "1-0"]
[ECO "D53"]
[WhiteElo "2072"]
[BlackElo "1824"]
[Annotator "NA RC"]
[PlyCount "57"]
[EventDate "2024.12.23"]
[EventType "swiss"]
[EventCountry "ENG"]
[SourceTitle "playchess.com"]
[Source "ChessBase"]
[SourceQuality "1"]
[TimeControl "5400+30"]

1. d4 d5 2. c4 e6 3. Nc3 Nf6 4. cxd5 exd5 5. Bg5 Be7 6. e3 b6 7. Bd3 Bb7 8. Nge2 O-O 9. Ng3 c5 10. Nf5 Re8 11. Qf3 cxd4 12. exd4 Bb4+ 13. Kf1 Re6 14. h4 Bxc3 15. bxc3 Ba6 16. Bxa6 Nxa6 17. Rh3 Nc7 18. Rg3 Nce8 19. h5 Ne4 20. Nh6+ Rxh6 21. Bxh6 Nxg3+ 22. Qxg3 Qd6 23. Bf4 Qc6 24. h6 g6 25. Re1 Nf6 26. Bg5 Ne4 27. Qe5 f6 28. Qe7 Ng3+ 29. fxg3 1-0

[Event "98th Caplin Hastings Masters 2024-25"]
[Site "Hastings"]
[Date "2024.12.30"]
[Round "4.23"]
[White "Byron, Alan M"]
[Black "Kim, Yegeon"]
[Result "1/2-1/2"]
[ECO "E66"]
[WhiteElo "2069"]
[BlackElo "1697"]
[Annotator "NA"]
[PlyCount "91"]
[EventDate "2024.12.23"]
[EventType "swiss"]
[EventCountry "ENG"]
[SourceTitle "playchess.com"]
[Source "ChessBase"]
[SourceQuality "1"]
[TimeControl "5400+30"]

1. d4 Nf6 2. Nf3 g6 3. g3 Bg7 4. Bg2 O-O 5. O-O d6 6. c4 c5 7. Nc3 Nc6 8. d5 Na5 9. Nd2 a6 10. Qc2 Rb8 11. Rb1 Nd7 12. a4 Ne5 13. b3 Bd7 14. h3 Be8 15. f4 Nd7 16. Nf3 Nb6 17. e4 Na8 18. Bd2 b5 19. axb5 axb5 20. Ne2 Qb6 21. Qa2 Nb7 22. e5 Nc7 23. Bc3 Ra8 24. Qd2 e6 25. dxe6 Nxe6 26. exd6 Nxd6 27. Bxg7 Nxg7 28. Ne5 Rd8 29. Qc3 h5 30. Bd5 Kh7 31. Nf3 Bc6 32. Ng5+ Kg8 33. Rbd1 Bxd5 34. Rxd5 Ndf5 35. Rfd1 Rxd5 36. Rxd5 bxc4 37. bxc4 Rd8 38. Qd3 Rxd5 39. Qxd5 Ne6 40. Nxe6 Qxe6 41. Qxe6 fxe6 42. Kf2 Nd6 43. Nc1 Nxc4 44. Nd3 Kf7 45. Nxc5 e5 46. fxe5 1/2-1/2

[Event "98th Caplin Hastings Masters 2024-25"]
[Site "Hastings"]
[Date "2024.12.30"]
[Round "4.24"]
[White "Lishoy Gengis Paratazham, Dildarav"]
[Black "Royal, Shreyas"]
[Result "0-1"]
[ECO "B20"]
[WhiteElo "2037"]
[BlackElo "2522"]
[Annotator "RC"]
[PlyCount "128"]
[EventDate "2024.12.23"]
[EventType "swiss"]
[EventCountry "ENG"]
[SourceTitle "playchess.com"]
[Source "ChessBase"]
[SourceQuality "1"]
[TimeControl "5400+30"]

1. e4 c5 2. d3 Nc6 3. g3 g6 4. Bg2 Bg7 5. f4 d5 6. exd5 Nb4 7. c4 Bf5 8. Be4 Qa5 9. Kf1 e6 10. Bxf5 gxf5 11. dxe6 O-O-O 12. Nc3 fxe6 13. Qe2 Nxd3 14. Bd2 Nxb2 15. Ne4 Qa3 16. Ng5 Nh6 17. N1f3 Nd3 18. Rb1 Qxa2 19. Kg2 Rhe8 20. Rhd1 e5 21. fxe5 Nxe5 22. Qf2 Nd3 23. Qf1 Ng4 24. Kg1 Ngf2 25. Ra1 Bxa1 26. Rxa1 Qxc4 27. Rxa7 Qb3 28. Ba5 Kb8 29. Qa1 Qd1+ 30. Qxd1 Nxd1 31. Bxd8 Kxa7 32. Ba5 c4 33. Nd4 Ka6 34. Bd2 c3 35. Bf4 Nxf4 36. gxf4 Ne3 37. Ngf3 c2 38. Nb3 Rd8 39. Kf2 Ng4+ 40. Ke2 Rd1 41. h3 Nf6 42. Ne1 c1=R 43. Nxc1 Rxc1 44. Nd3 Rh1 45. Nc5+ Ka7 46. Ne6 Nd5 47. Nd4 Rxh3 48. Nxf5 Nxf4+ 49. Kd2 Rd3+ 50. Kc2 h5 51. Nh4 Rh3 52. Nf5 h4 53. Kd2 Rd3+ 54. Kc2 h3 55. Ng7 h2 56. Ne6 Rf3 57. Nd4 Rf2+ 58. Kb3 h1=Q 59. Nb5+ Kb6 60. Nc3 Rf3 61. Kb2 Qg2+ 62. Kb3 Qd2 63. Ka4 Rxc3 64. Kb4 Qd4# 0-1

[Event "98th Caplin Hastings Masters 2024-25"]
[Site "Hastings"]
[Date "2024.12.30"]
[Round "4.25"]
[White "Gasanov, Eldar"]
[Black "Verbytski, Oleg"]
[Result "1-0"]
[ECO "B20"]
[WhiteElo "2476"]
[BlackElo "2033"]
[Annotator "RC"]
[PlyCount "73"]
[EventDate "2024.12.23"]
[EventType "swiss"]
[EventCountry "ENG"]
[SourceTitle "playchess.com"]
[Source "ChessBase"]
[SourceQuality "1"]
[TimeControl "5400+30"]

1. e4 c5 2. g3 e6 3. d3 g6 4. Bg2 Bg7 5. f4 Ne7 6. Nf3 d5 7. O-O Nbc6 8. e5 O-O 9. c3 d4 10. Qe2 dxc3 11. bxc3 b6 12. Ng5 Ba6 13. Rd1 Qc7 14. Nd2 Rad8 15. Nde4 Rd7 16. Bb2 Rfd8 17. Nxf7 Bxd3 18. Rxd3 Rxd3 19. Nxd8 Rxd8 20. Rd1 Rxd1+ 21. Qxd1 Qd8 22. Qe2 Qd7 23. h4 Nf5 24. h5 gxh5 25. Qxh5 Ne3 26. Bh3 Nd8 27. Qe2 Nd5 28. a3 Kh8 29. c4 Nc7 30. Nf6 Qe7 31. Qd3 Bf8 32. Bg2 h6 33. Bc3 Na6 34. g4 Nb7 35. Qg6 Qg7 36. Qxg7+ Bxg7 37. Bxb7 1-0

[Event "98th Caplin Hastings Masters 2024-25"]
[Site "Hastings"]
[Date "2024.12.30"]
[Round "4.26"]
[White "Jacobs, Simon"]
[Black "Bhatia, Kanishka"]
[Result "0-1"]
[ECO "C10"]
[WhiteElo "1873"]
[BlackElo "2018"]
[Annotator "NA RC"]
[PlyCount "56"]
[EventDate "2024.12.23"]
[EventType "swiss"]
[EventCountry "ENG"]
[SourceTitle "playchess.com"]
[Source "ChessBase"]
[SourceQuality "1"]
[TimeControl "5400+30"]

1. e4 e6 2. d4 d5 3. Nd2 dxe4 4. Nxe4 Nd7 5. Nf3 Ngf6 6. Nxf6+ Nxf6 7. Be3 Be7 8. Bd3 O-O 9. Qe2 b6 10. O-O-O Bb7 11. Kb1 c5 12. h4 Qc7 13. h5 Rac8 14. b3 Nd5 15. Qd2 cxd4 16. Bxd4 Bb4 17. Qg5 Nc3+ 18. Bxc3 Qxc3 19. Qc1 h6 20. Qb2 Qc5 21. Rdf1 Bc3 22. Qc1 Rfd8 23. Rh4 b5 24. Nd2 Bf6 25. Rf4 Qe5 26. Rxf6 Qxf6 27. Bxb5 Qg5 28. Bd3 Rxd3 0-1

[Event "98th Caplin Hastings Masters 2024-25"]
[Site "Hastings"]
[Date "2024.12.30"]
[Round "4.27"]
[White "White, Stuart A"]
[Black "Muir, Andrew J"]
[Result "1/2-1/2"]
[ECO "A13"]
[WhiteElo "2017"]
[BlackElo "2214"]
[Annotator "NA"]
[PlyCount "167"]
[EventDate "2024.12.23"]
[EventType "swiss"]
[EventCountry "ENG"]
[SourceTitle "playchess.com"]
[Source "ChessBase"]
[SourceQuality "1"]
[TimeControl "5400+30"]

1. c4 e6 2. g3 d5 3. Bg2 Nf6 4. Nf3 dxc4 5. Qa4+ Nbd7 6. Qxc4 c5 7. d3 a6 8. Qb3 Qc7 9. a4 b6 10. Na3 Bb7 11. Nc4 Nd5 12. e4 Nb4 13. Bf4 Qc6 14. O-O Be7 15. Rfd1 O-O 16. d4 Rfd8 17. d5 exd5 18. exd5 Nxd5 19. Rxd5 Qxd5 20. Ne1 Qe6 21. Bxb7 Ra7 22. Bg2 g5 23. Be3 Rb8 24. Qc2 Ne5 25. Nxe5 Qxe5 26. Nf3 Qg7 27. Nd2 Rd7 28. Be4 Bf6 29. Rb1 Bd4 30. Nf1 Rbd8 31. b3 Bxe3 32. Nxe3 Rd2 33. Rd1 Rxd1+ 34. Nxd1 h6 35. Ne3 Qd4 36. Bb7 Qd3 37. Qxd3 Rxd3 38. Bxa6 Rxb3 39. Bb5 Rb1+ 40. Kg2 Re1 41. Kf3 h5 42. h4 f6 43. Ke4 Kf7 44. hxg5 fxg5 45. Kf5 h4 46. gxh4 gxh4 47. Kg4 Rh1 48. Nc4 h3 49. Kg3 Kf6 50. Nxb6 Ke5 51. Nc4+ Kd4 52. Ne3 Kc3 53. Bc6 Rg1+ 54. Kxh3 Kb4 55. Bb5 Kc3 56. f4 Kd4 57. Kh2 Rg8 58. Nc4 Ke4 59. a5 Kxf4 60. Bc6 Rg6 61. Bb7 Re6 62. Kg2 Re2+ 63. Kf1 Ra2 64. a6 Ra4 65. Nb6 Ra2 66. Ke1 Ke3 67. Kd1 Kd3 68. Kc1 c4 69. Nd5 Ra5 70. Nb4+ Kc3 71. Nd5+ Kb3 72. Kd2 Ra2+ 73. Ke3 c3 74. Nf4 Ra1 75. Ne2 c2 76. Nd4+ Kb2 77. Nxc2 Kxc2 78. Kd4 Ra5 79. Kc4 Kb2 80. Kb4 Ra1 81. Kb5 Kc3 82. Kb6 Kb4 83. a7 Rxa7 84. Kxa7 1/2-1/2